TOP OF THE 1ST |
Madison Brewers batting - Pitching for Oakland Oaks : LHP Ethan Galati
|
Pitching: LHP Ethan Galati
|
|
Batting: LHB Andy Buschlen
|
0-0: Called Strike 0-1: SINGLE (Line Drive, 3D, EV 97.5 MPH)
|
Batting: LHB Jose Simental
|
0-0: Called Strike Andy Buschlen is caught stealing 2nd base 2-6 0-1: Called Strike 0-2: Ground out 6-3 (Groundball, 6, EV 104.4 MPH)
|
Batting: RHB Steve Brock
|
0-0: Ball 1-0: Ball 2-0: Called Strike 2-1: Swinging Strike 2-2: Strikes out swinging
|
Top of the 1st over - 0 runs, 1 hit, 0 errors, 0 left on base; Madison 0 - Oakland 0 |
BOTTOM OF THE 1ST |
Oakland Oaks batting - Pitching for Madison Brewers : LHP Jose Ruiz
|
Pitching: LHP Jose Ruiz
|
|
Batting: LHB Justin LeFlore
|
0-0: Hit by Pitch
|
Batting: SHB Steve McGee
|
0-0: Reached on error, E8 (Flyball, 8RD, EV 102.5 MPH) Justin LeFlore to second
|
Batting: RHB Phoctor Dill
|
0-0: Foul Ball, location: 2F 0-1: Swinging Strike 0-2: Strikes out looking
|
Batting: RHB Shi-xian Da
|
0-0: Called Strike 0-1: Foul Ball, location: 2F 0-2: Ball 1-2: Fly out, F8 (Flyball, 8LD, EV 88.1 MPH)
|
Batting: SHB Chris King
|
0-0: Ball 1-0: Ball 2-0: Ball 3-0: Called Strike 3-1: Base on Balls Justin LeFlore to third Steve McGee to second
|
Batting: LHB Bryan Hodensack
|
0-0: Ball 1-0: Swinging Strike 1-1: Ball 2-1: Called Strike 2-2: Foul Ball, location: 2F 2-2: Ball 3-2: Foul Ball, location: 2F 3-2: Foul Ball, location: 2F 3-2: Strikes out looking
|
Bottom of the 1st over - 0 runs, 0 hits, 1 error, 3 left on base; Madison 0 - Oakland 0 |
TOP OF THE 2ND |
Madison Brewers batting - Pitching for Oakland Oaks : LHP Ethan Galati
|
Batting: RHB Malcolm McCauley
|
0-0: Ball 1-0: Foul Ball, location: 2F 1-1: Called Strike 1-2: Strikes out swinging
|
Batting: RHB Ben Follett
|
0-0: Called Strike 0-1: Foul Ball, location: 2F 0-2: Foul Ball, location: 2F 0-2: Ball 1-2: Fly out, F9 (Flyball, 9D, EV 96.9 MPH)
|
Batting: LHB Tony Hasbun
|
0-0: Foul Ball, location: 2F 0-1: Ball 1-1: Ball 2-1: Ground out 6-3 (Groundball, 6M, EV 108.8 MPH)
|
Top of the 2nd over - 0 runs, 0 hits, 0 errors, 0 left on base; Madison 0 - Oakland 0 |
BOTTOM OF THE 2ND |
Oakland Oaks batting - Pitching for Madison Brewers : LHP Jose Ruiz
|
Batting: RHB Ricky Ulloa
|
0-0: Foul Ball, location: 2F 0-1: Called Strike 0-2: Ball 1-2: Ball 2-2: Foul Ball, location: 2F 2-2: Foul Ball, location: 2F 2-2: Ball 3-2: Foul Ball, location: 2F 3-2: Base on Balls
|
Batting: RHB Matt Nehman
|
0-0: Ball 1-0: Ball 2-0: Ball 3-0: Base on Balls Ricky Ulloa to second
|
Batting: RHB Mario Medina
|
0-0: Ball 1-0: Grounds into double play, 6-4-3 (Groundball, 6, EV 108.1 MPH) Ricky Ulloa to third
|
Batting: LHB Justin LeFlore
|
0-0: Ball 1-0: Ball 2-0: Foul Ball, location: 2F 2-1: Ball 3-1: Base on Balls
|
Batting: SHB Steve McGee
|
0-0: Called Strike 0-1: Fielders Choice at 2nd, 6-4 (Groundball, 6, EV 98.1 MPH)
|
Bottom of the 2nd over - 0 runs, 0 hits, 0 errors, 2 left on base; Madison 0 - Oakland 0 |
TOP OF THE 3RD |
Madison Brewers batting - Pitching for Oakland Oaks : LHP Ethan Galati
|
Batting: RHB Fernando Mejia
|
0-0: Ground out 6-3 (Groundball, 56D, EV 81.2 MPH)
|
Batting: RHB Cory Taylor
|
0-0: Foul Ball, location: 2F 0-1: DOUBLE (Groundball, 5L, EV 103.1 MPH)
|
Batting: RHB Kelan Rae
|
0-0: Foul Ball, location: 2F 0-1: Swinging Strike 0-2: Ball 1-2: Strikes out swinging
|
Batting: LHB Andy Buschlen
|
0-0: Ball 1-0: Foul Ball, location: 2F 1-1: Ball 2-1: Ball 3-1: Base on Balls
|
Batting: LHB Jose Simental
|
0-0: DOUBLE (Line Drive, 9LD, EV 111.9 MPH) Cory Taylor scores Andy Buschlen to third
|
Batting: RHB Steve Brock
|
0-0: Called Strike 0-1: Foul Ball, location: 2F 0-2: Ball 1-2: Ground out 6-3 (Groundball, 56, EV 81.9 MPH)
|
Top of the 3rd over - 1 run, 2 hits, 0 errors, 2 left on base; Madison 1 - Oakland 0 |
BOTTOM OF THE 3RD |
Oakland Oaks batting - Pitching for Madison Brewers : LHP Jose Ruiz
|
Batting: RHB Phoctor Dill
|
0-0: Hit by Pitch
|
Batting: RHB Shi-xian Da
|
0-0: Ball 1-0: Ball 2-0: Swinging Strike 2-1: Ball 3-1: Foul Ball, location: 2LF, Error on foul ball, E2 3-2: Fly out, F8 (Flyball, 8RXD, EV 100.0 MPH) Runner from 1st tags up, SAFE at 2nd
|
Batting: SHB Chris King
|
0-0: Ball 1-0: Foul Ball, location: 2F 1-1: Foul Ball, location: 2F 1-2: Ground out 5-3 (Groundball, 56S, EV 73.8 MPH) Phoctor Dill to third
|
Batting: LHB Bryan Hodensack
|
0-0: Ball 1-0: Ground out U3 (Groundball, 3L, EV 106.2 MPH)
|
Bottom of the 3rd over - 0 runs, 0 hits, 1 error, 1 left on base; Madison 1 - Oakland 0 |
TOP OF THE 4TH |
Madison Brewers batting - Pitching for Oakland Oaks : LHP Ethan Galati
|
Batting: RHB Malcolm McCauley
|
0-0: Called Strike 0-1: Swinging Strike 0-2: SINGLE (Line Drive, 8RS, EV 101.2 MPH)
|
Batting: RHB Ben Follett
|
0-0: Foul Ball, location: 2F 0-1: Fielders Choice at 2nd, 5-4 (Groundball, 5S, EV 86.9 MPH)
|
Batting: LHB Tony Hasbun
|
0-0: Ball 1-0: Called Strike 1-1: Ball 2-1: Fly out, F7 (Flyball, 7S, EV 88.1 MPH)
|
Batting: RHB Fernando Mejia
|
0-0: Ball 1-0: Called Strike 1-1: Ball 2-1: SINGLE (Groundball, P, EV 86.2 MPH) (infield hit) Ben Follett to second
|
Batting: RHB Cory Taylor
|
0-0: Ball 1-0: Ball 2-0: Ball 3-0: Called Strike 3-1: Fly out, F8 (Flyball, 8LXD, EV 84.4 MPH)
|
Top of the 4th over - 0 runs, 2 hits, 0 errors, 2 left on base; Madison 1 - Oakland 0 |
BOTTOM OF THE 4TH |
Oakland Oaks batting - Pitching for Madison Brewers : LHP Jose Ruiz
|
Batting: RHB Ricky Ulloa
|
0-0: SINGLE (Line Drive, 6M, EV 98.1 MPH)
|
Batting: RHB Matt Nehman
|
0-0: Foul Ball, location: 2F 0-1: 2-RUN HOME RUN (Flyball, 78XD, EV 109.4 MPH), Distance : 433 ft
|
Batting: RHB Mario Medina
|
0-0: Ball 1-0: Called Strike 1-1: Foul Ball, location: 2F 1-2: Strikes out looking
|
Batting: LHB Justin LeFlore
|
0-0: Called Strike 0-1: Swinging Strike 0-2: Strikes out swinging
|
Batting: SHB Steve McGee
|
0-0: Foul Ball, location: 2F 0-1: Ball 1-1: Foul Ball, location: 2F 1-2: Foul Ball, location: 2F 1-2: Hit by Pitch
|
Batting: RHB Phoctor Dill
|
0-0: Foul Ball, location: 2F 0-1: Fly out, F7 (Flyball, 7LM, EV 90.0 MPH)
|
Bottom of the 4th over - 2 runs, 2 hits, 0 errors, 1 left on base; Madison 1 - Oakland 2 |
TOP OF THE 5TH |
Madison Brewers batting - Pitching for Oakland Oaks : LHP Ethan Galati
|
Batting: RHB Kelan Rae
|
0-0: Ball 1-0: SOLO HOME RUN (Flyball, 89XD, EV 117.5 MPH), Distance : 460 ft
|
Batting: LHB Andy Buschlen
|
0-0: Ball 1-0: Ball 2-0: Called Strike 2-1: Called Strike 2-2: Ball 3-2: Foul Ball, location: 2F 3-2: Foul Ball, location: 2F 3-2: Fly out, F8 (Flyball, 8RD, EV 100.6 MPH)
|
Batting: LHB Jose Simental
|
0-0: Ground out 6-3 (Groundball, P, EV 94.4 MPH)
|
Batting: RHB Steve Brock
|
0-0: Ball 1-0: Ground out 5-3 (Groundball, 15, EV 83.1 MPH)
|
Top of the 5th over - 1 run, 1 hit, 0 errors, 0 left on base; Madison 2 - Oakland 2 |
BOTTOM OF THE 5TH |
Oakland Oaks batting - Pitching for Madison Brewers : LHP Jose Ruiz
|
Batting: RHB Shi-xian Da
|
0-0: Called Strike 0-1: Foul Ball, location: 2F 0-2: Strikes out looking
|
Batting: SHB Chris King
|
0-0: Called Strike 0-1: Ball 1-1: Foul Ball, location: 2F 1-2: Foul Ball, location: 2F 1-2: Strikes out swinging
|
Batting: LHB Bryan Hodensack
|
0-0: Called Strike 0-1: Called Strike 0-2: Ball 1-2: Ball 2-2: Strikes out swinging
|
Bottom of the 5th over - 0 runs, 0 hits, 0 errors, 0 left on base; Madison 2 - Oakland 2 |
TOP OF THE 6TH |
Madison Brewers batting - Pitching for Oakland Oaks : LHP Ethan Galati
|
Batting: RHB Malcolm McCauley
|
0-0: Called Strike 0-1: Ball 1-1: Ball 2-1: SOLO HOME RUN (Flyball, 7D, EV 103.1 MPH), Distance : 382 ft
|
Batting: RHB Ben Follett
|
0-0: Called Strike 0-1: Foul Ball, location: 2F 0-2: SINGLE (Line Drive, 89S, EV 111.2 MPH)
|
Batting: LHB Tony Hasbun
|
0-0: Foul Ball, location: 2F 0-1: Foul Ball, location: 2F 0-2: Ball 1-2: Strikes out swinging
|
Batting: RHB Fernando Mejia
|
0-0: Called Strike 0-1: Fly out, F8 (Flyball, 78D, EV 89.4 MPH)
|
Batting: RHB Cory Taylor
|
0-0: Ball 1-0: Ball 2-0: Ball 3-0: Called Strike 3-1: DOUBLE (Line Drive, 89M, EV 113.1 MPH) Ben Follett to third Runner from 3rd tries for Home, SAFE, no throw by CF
|
Batting: RHB Kelan Rae
|
0-0: Ball 1-0: Swinging Strike 1-1: Ball 2-1: Foul Ball, location: 2F 2-2: Ball 3-2: Foul Ball, location: 2F 3-2: Strikes out swinging
|
Top of the 6th over - 2 runs, 3 hits, 0 errors, 1 left on base; Madison 4 - Oakland 2 |
BOTTOM OF THE 6TH |
Oakland Oaks batting - Pitching for Madison Brewers : LHP Jose Ruiz
|
Pitching: RHP Angel Pacheco
|
|
Batting: RHB Ricky Ulloa
|
0-0: Ball 1-0: Ground out 6-3 (Groundball, 56D, EV 104.4 MPH)
|
Batting: RHB Matt Nehman
|
0-0: Called Strike 0-1: Ball 1-1: Foul Ball, location: 2F 1-2: Ball 2-2: Strikes out swinging
|
Batting: RHB Mario Medina
|
0-0: Ground out 6-3 (Groundball, 6, EV 90.6 MPH)
|
Bottom of the 6th over - 0 runs, 0 hits, 0 errors, 0 left on base; Madison 4 - Oakland 2 |
TOP OF THE 7TH |
Madison Brewers batting - Pitching for Oakland Oaks : LHP Ethan Galati
|
Batting: LHB Andy Buschlen
|
0-0: Called Strike 0-1: Ball 1-1: Foul Ball, location: 2F 1-2: Ball 2-2: Strikes out swinging
|
Pinch Hitting: RHB Dustin Pryor
|
0-0: Swinging Strike 0-1: Called Strike 0-2: Foul Ball, location: 2F 0-2: Strikes out swinging
|
Batting: RHB Steve Brock
|
0-0: Foul Ball, location: 2F 0-1: Foul Ball, location: 2F 0-2: Ball 1-2: Ball 2-2: Fly out, F7 (Flyball, 7, EV 88.8 MPH)
|
Top of the 7th over - 0 runs, 0 hits, 0 errors, 0 left on base; Madison 4 - Oakland 2 |
BOTTOM OF THE 7TH |
Oakland Oaks batting - Pitching for Madison Brewers : RHP Angel Pacheco
|
Now at SS: Lorenzo Diaz
|
|
Batting: LHB Justin LeFlore
|
0-0: Ball 1-0: Swinging Strike 1-1: Ball 2-1: Foul Ball, location: 2F 2-2: Ball 3-2: Ground out 1-3 (Groundball, 13, EV 70.0 MPH)
|
Batting: SHB Steve McGee
|
0-0: Ball 1-0: Ground out 4-3 (Groundball, 4S, EV 81.2 MPH)
|
Batting: RHB Phoctor Dill
|
0-0: Ball 1-0: Foul Ball, location: 2F 1-1: Ball 2-1: Ball 3-1: Foul Ball, location: 2F 3-2: Base on Balls
|
Pinch Hitting: RHB Bill Cabrera
|
0-0: Ball 1-0: Foul Ball, location: 2F 1-1: Ball 2-1: Called Strike 2-2: Foul Ball, location: 2F 2-2: 2-RUN HOME RUN (Flyball, 78XD, EV 108.8 MPH), Distance : 422 ft
|
Batting: SHB Chris King
|
0-0: Ball 1-0: Ground out 5-3 (Groundball, 56, EV 86.2 MPH)
|
Bottom of the 7th over - 2 runs, 1 hit, 0 errors, 0 left on base; Madison 4 - Oakland 4 |
TOP OF THE 8TH |
Madison Brewers batting - Pitching for Oakland Oaks : LHP Ethan Galati
|
Pitching: LHP Elias Pena
|
|
Now in LF: Diego Vega
|
|
Batting: RHB Malcolm McCauley
|
0-0: Ball 1-0: Ball 2-0: Called Strike 2-1: Foul Ball, location: 2F 2-2: Foul Ball, location: 2F 2-2: Strikes out swinging
|
Batting: RHB Ben Follett
|
0-0: Called Strike 0-1: Ball 1-1: Foul Ball, location: 2F 1-2: Strikes out swinging
|
Pinch Hitting: RHB Tristan Smeets
|
0-0: Called Strike 0-1: Ground out 5-3 (Groundball, 5L, EV 86.2 MPH)
|
Top of the 8th over - 0 runs, 0 hits, 0 errors, 0 left on base; Madison 4 - Oakland 4 |
BOTTOM OF THE 8TH |
Oakland Oaks batting - Pitching for Madison Brewers : RHP Angel Pacheco
|
Now at 2B: Jackson Wither
|
|
Batting: LHB Bryan Hodensack
|
0-0: Ball 1-0: Called Strike 1-1: Ball 2-1: Ball 3-1: Base on Balls
|
Batting: RHB Ricky Ulloa
|
0-0: Ground out 5-3 (Groundball, 5S, EV 89.4 MPH) Bryan Hodensack to second
|
Pinch Hitting: LHB Ben Goldstein
|
0-0: Intentional Walk
|
Pinch Hitting: RHB Colin Edwards
|
0-0: Called Strike 0-1: Ball 1-1: Ball 2-1: Foul Ball, location: 2F 2-2: Ball 3-2: Strikes out swinging
|
Batting: LHB Justin LeFlore
|
0-0: Ball 1-0: Fly out, F9 (Flyball, 89S, EV 95.6 MPH)
|
Bottom of the 8th over - 0 runs, 0 hits, 0 errors, 2 left on base; Madison 4 - Oakland 4 |
TOP OF THE 9TH |
Madison Brewers batting - Pitching for Oakland Oaks : LHP Elias Pena
|
Now at C: Dave Villarreal
|
|
Now at 1B: Justin Conley
|
|
Batting: RHB Fernando Mejia
|
0-0: Ball 1-0: Called Strike 1-1: Ground out 6-3 (Groundball, 56, EV 102.5 MPH)
|
Pinch Hitting: RHB Mario Lopez
|
0-0: Ball 1-0: Called Strike 1-1: Called Strike 1-2: Strikes out swinging
|
Batting: RHB Ivan Rivera
|
0-0: Ball 1-0: Ground out U3 (Groundball, 34, EV 88.1 MPH)
|
Top of the 9th over - 0 runs, 0 hits, 0 errors, 0 left on base; Madison 4 - Oakland 4 |
BOTTOM OF THE 9TH |
Oakland Oaks batting - Pitching for Madison Brewers : RHP Angel Pacheco
|
Now in LF: Sammar Wambugu
|
|
Batting: SHB Steve McGee
|
0-0: Fly out, F8 (Line Drive, 8LD, EV 90.6 MPH)
|
Batting: RHB Phoctor Dill
|
0-0: Ball 1-0: Ball 2-0: Foul Ball, location: 2F 2-1: Ball 3-1: Foul Ball, location: 2F 3-2: Base on Balls
|
Batting: LHB Diego Vega
|
0-0: Ball Phoctor Dill is caught stealing 2nd base 2-6 1-0: Swinging Strike 1-1: Called Strike 1-2: Strikes out swinging
|
Bottom of the 9th over - 0 runs, 0 hits, 0 errors, 0 left on base; Madison 4 - Oakland 4 |
TOP OF THE 10TH |
Madison Brewers batting - Pitching for Oakland Oaks : LHP Elias Pena
|
Pitching: LHP Jason Hahn
|
|
Pinch Hitting: RHB Jelani Griffin
|
0-0: Ball 1-0: Ball 2-0: Foul Ball, location: 2F 2-1: Ball 3-1: Base on Balls
|
Batting: RHB Lorenzo Diaz
|
0-0: Ball 1-0: Called Strike 1-1: Fielders Choice at 2nd, 1-6 (Groundball, 34S, EV 70.0 MPH)
|
Batting: RHB Steve Brock
|
0-0: Ball 1-0: Ball 2-0: Called Strike 2-1: Ball 3-1: Called Strike 3-2: Base on Balls Lorenzo Diaz to second
|
Batting: RHB Malcolm McCauley
|
0-0: Called Strike 0-1: Ball 1-1: Called Strike 1-2: Strikes out looking
|
Batting: RHB Ben Follett
|
0-0: Foul Ball, location: 2F 0-1: SINGLE (Line Drive, 89S, EV 106.9 MPH) Lorenzo Diaz to third Steve Brock to second Runner from 3rd tries for Home, throw by CF and OUT! 8-2
|
Top of the 10th over - 0 runs, 1 hit, 0 errors, 2 left on base; Madison 4 - Oakland 4 |
BOTTOM OF THE 10TH |
Oakland Oaks batting - Pitching for Madison Brewers : RHP Angel Pacheco
|
Pitching: RHP Franklin Arroyo
|
|
Now in RF: Jelani Griffin
|
|
Batting: SHB Chris King
|
0-0: DOUBLE (Groundball, 3L, EV 97.5 MPH)
|
Batting: LHB Bryan Hodensack
|
0-0: Intentional Walk
|
Pinch Hitting: RHB Moises Guzman
|
0-0: Foul Ball, location: 2F 0-1: Ball 1-1: Hit by Pitch Chris King to third Bryan Hodensack to second
|
Pinch Hitting: RHB Edwin Nunez
|
0-0: Ball 1-0: Fly out, F8 (Flyball, 8RD, EV 107.5 MPH) Runner from 3rd tags up, OUT at HOME! 8-2 Bryan Hodensack to third Moises Guzman to second
|
Batting: LHB Justin Conley
|
0-0: Called Strike 0-1: Swinging Strike 0-2: Ball 1-2: Strikes out swinging
|
Bottom of the 10th over - 0 runs, 1 hit, 0 errors, 2 left on base; Madison 4 - Oakland 4 |
TOP OF THE 11TH |
Madison Brewers batting - Pitching for Oakland Oaks : LHP Jason Hahn
|
Pitching: LHP Andre Bradley
|
|
Now at C: Kasey Sands
|
|
Now at 2B: Edwin Nunez
|
|
Pinch Hitting: RHB Austin Sweetman
|
0-0: Ball 1-0: Called Strike 1-1: Ball 2-1: Ball 3-1: Base on Balls
|
Batting: RHB Fernando Mejia
|
0-0: Bunted foul 0-1: Bunted foul 0-2: Ball 1-2: Foul Ball, location: 2F 1-2: Fly out, F7 (Line Drive, 7S, EV 86.9 MPH)
|
Pinch Hitting: RHB Daniel Pena
|
0-0: Foul Ball, location: 2F 0-1: Ball 1-1: Foul Ball, location: 2F 1-2: Ball 2-2: Strikes out looking
|
Batting: RHB Ivan Rivera
|
0-0: Ball 1-0: Ball 2-0: Ball 3-0: Called Strike 3-1: Foul Ball, location: 2F 3-2: Foul Ball, location: 2F 3-2: 2-RUN HOME RUN (Flyball, 78XD, EV 111.9 MPH), Distance : 432 ft
|
Batting: RHB Jelani Griffin
|
0-0: Ball 1-0: Foul Ball, location: 2F 1-1: Foul Ball, location: 2F 1-2: Ground out 6-3 (Groundball, 6, EV 102.5 MPH)
|
Top of the 11th over - 2 runs, 1 hit, 0 errors, 0 left on base; Madison 6 - Oakland 4 |
BOTTOM OF THE 11TH |
Oakland Oaks batting - Pitching for Madison Brewers : RHP Franklin Arroyo
|
Now at 1B: Jesus Huante
|
|
Now at 2B: Troy Morin
|
|
Now in LF: Daniel Pena
|
|
Batting: LHB Justin LeFlore
|
0-0: Foul Ball, location: 2F 0-1: Swinging Strike 0-2: Strikes out swinging
|
Batting: SHB Steve McGee
|
0-0: Ground out 6-3 (Groundball, 6, EV 99.4 MPH)
|
Batting: RHB Phoctor Dill
|
0-0: Ball 1-0: Fly out, F9 (Flyball, 9D, EV 94.4 MPH)
|
Bottom of the 11th over - 0 runs, 0 hits, 0 errors, 0 left on base; Madison 6 - Oakland 4 |
|